 Dungeon Crawl Stone Soup version 0.20.1-1-g8b1a95d (webtiles) character file.

307 homeworkjunkie the Chopper (level 6, -1/55 HPs)
             Began as a Hill Orc Fighter on Dec 20, 2017.
             Killed from afar by an orc wizard (9 damage)
             ... with a magic dart
             ... on level 5 of the Dungeon.
             The game lasted 00:02:36 (1120 turns).

homeworkjunkie the Chopper (Hill Orc Fighter)       Turns: 1120, Time: 00:02:38

Health: -1/55      AC:  8    Str: 18    XL:     6   Next: 40%
Magic:  6/6        EV:  7    Int:  8    God:
Gold:   84         SH:  9    Dex: 13    Spells: 5/5 levels left

rFire    . . .     SeeInvis .   a - +0 war axe
rCold    . . .     Gourm    .   c - +0 shield
rNeg     . . .     Faith    .   b - +1 scale mail
rPois    .         Spirit   .   (no helmet)
rElec    .         Reflect  .   (no cloak)
rCorr    .         Harm     .   (no gloves)
MR       .....     Rnd*Rage +   (no boots)
Stlth    ..........             (no amulet)
Regen    0.2/turn               (no ring)
MPRegen  0.1/turn               (no ring)

@: no status effects
A: agile 1, berserk 1, mutation resistance 1, weak 1
a: no special abilities


You were on level 5 of the Dungeon.
You were hungry.

You visited 1 branch of the dungeon, and saw 5 of its levels.

You collected 84 gold pieces.

Inventory:

Hand Weapons
 a - a +0 war axe (weapon)
Armour
 b - a +1 scale mail (worn)
 c - a +0 shield (worn)
Wands
 i - a wand of iceblast (8/15)
 k - a wand of digging (16/24)
Scrolls
 d - a scroll of remove curse
 h - a scroll of identify {unknown}
 m - a scroll of magic mapping {unknown}
Potions
 e - a potion of agility
 j - a potion of flight
Comestibles
 f - 4 bread rations
 g - 2 fruits


   Skills:
 * Level 4.9 Fighting
 * Level 5.5 Axes
 * Level 4.3 Armour
 + Level 0.7 Dodging
 + Level 0.3 Stealth
 * Level 4.5 Shields


You had 5 spell levels left.
You didn't know any spells.

Dungeon Overview and Level Annotations

Branches:
Dungeon (5/15)
 Temple: D:4-7

Altars:
Dithmenos
Ru
Sif Muna
Zin

Shops:
D:5 :


Innate Abilities, Weirdness & Mutations

You are agile. (Dex +2)
You tend to lose your temper in combat.
You are somewhat resistant to further mutation.
You are weak. (Str -2)


Message History

It was a potion of curing.
You feel better. The adder bites you but does no damage.
The orc wizard hits you but does no damage.
You miss the adder. You hit the orc wizard.
Your scale mail prevents you from hitting the orc wizard.
You block the adder's attack. You block the orc wizard's attack.
The orc wizard begins to cast a cantrip, but forgets the words!
You block the adder's attack.
The orc wizard hits you but does no damage.
The orc wizard points at you and mumbles some strange words.
The puff of frost hits you!
* * * LOW HITPOINT WARNING * * *
You hit the orc wizard but do no damage.
The orc wizard is moderately wounded.
You hit the orc wizard but do no damage.
You hit the adder. You block the adder's attack.
You block the orc wizard's attack.
The orc wizard points at you and mumbles some strange words.
The magic dart hits you!
You die...

# #.##.#.#.# #.#.#
#..#.##.#.#.####.#.###
#................#....
#..#.##.#.########.###
#..#.#........†.......
.#..#.####.#####..#####
...<..)....# #..#
..##.#o#S#..# #..# ###
......o@)#..# #..# #..
.##....#....# #..# #.#
.......#....# #..# #.#
#.#...##....# #..###.#
...... .<..... #.......
#.#... ##..####
#...##.# . #.. ..#
#...##.# #.. .##
#...##.# #...##.#


You could see 2 orc wizards and an adder.

Vanquished Creatures
  A bullfrog zombie (D:5)
  An orc priest (D:3)
  2 hounds (D:5)
  A bullfrog skeleton (D:5)
  An iguana (D:4)
  An orc wizard (D:5)
  A worker ant (D:5)
  2 adders
  3 gnolls (D:3)
  2 dart slugs
  4 leopard geckos
  4 orcs
  5 giant cockroaches
  A goblin (D:3)
  2 kobolds
  3 bats
  3 frilled lizards
  4 rats
41 creatures vanquished.

Notes
Turn   | Place    | Note
-------+----------+-------------------------------------------
     0 | D:1      | homeworkjunkie the Hill Orc Fighter began the quest for the Orb.
     0 | D:1      | Reached XP level 1. HP: 19/19 MP: 1/1
    53 | D:1      | Reached XP level 2. HP: 20/27 MP: 2/2
   111 | D:2      | Found a shadowy altar of Dithmenos.
   177 | D:2      | Reached skill level 3 in Axes
   261 | D:3      | Reached XP level 3. HP: 18/33 MP: 3/3
   268 | D:3      | Reached XP level 4. HP: 20/40 MP: 4/4
   483 | D:3      | Reached skill level 4 in Axes
   516 | D:4      | Found a deep blue altar of Sif Muna.
   547 | D:4      | Reached XP level 5. HP: 11/46 MP: 5/5
   585 | D:4      | Gained mutation: You are agile. (Dex +2) [potion of mutation]
   585 | D:4      | Gained mutation: You tend to lose your temper in combat. [potion of mutation]
   585 | D:4      | Gained mutation: You are weak. (Str -2) [potion of mutation]
   585 | D:4      | Gained mutation: You are somewhat resistant to further mutation. [potion of mutation]
   762 | D:4      | You fall through a shaft!
   762 | D:5      | Entered Level 5 of the Dungeon
   786 | D:5      | Found a glowing silver altar of Zin.
   987 | D:5      | Found a sacrificial altar of Ru.
  1048 | D:5      | Found Lequr's Book Shoppe.
  1073 | D:5      | Reached skill level 5 in Axes
  1073 | D:5      | Reached XP level 6. HP: 48/53 MP: 6/6
  1120 | D:5      | Killed from afar by an orc wizard

Skill      XL: |  1  2  3  4  5 |
---------------+----------------+-----
Axes           | 3 4 5 |  5.5
Fighting       | 4 |  4.9
Shields        | 4 |  4.5
Armour         | 4 |  4.3
Dodging        | |  0.7
Stealth        | |  0.3

Action                   |  1- 3 |  4- 6 || total
-------------------------+-------+-------++-------
Melee: War axe           |    55 |    78 ||   133
  Use: Scroll            |       |     4 ||     4
       Potion            |       |     6 ||     6
Armor: Scale mail        |    27 |    44 ||    71
Dodge: Dodged            |    22 |    32 ||    54
Block: Shield            |    26 |    50 ||    76
